 Dungeon Crawl Stone Soup version 0.25-a0-510-ge065f6de7d (webtiles) character file.

Game seed: 11765149585146770701, levelgen mode: deterministic

837787 Veres the Ruinous (level 27, -1/198 HPs)
             Began as a Gargoyle Earth Elementalist on Feb 13, 2020.
             Was the Champion of Vehumet.
             Slain by Lupt the pandemonium lord (24 damage)
             ... on level 27 of a ziggurat on Feb 15, 2020.
             The game lasted 04:27:47 (73415 turns).

Veres the Ruinous (Gargoyle Earth Elementalist)    Turns: 73415, Time: 04:27:47

Health: -1/198     AC: 44    Str: 19    XL:     27
Magic:  0/59       EV: 30    Int: 31    God:    Vehumet [******]
Gold:   8714       SH:  0    Dex: 15    Spells: 11/71 levels left

rFire    + + +     SeeInvis +   b - +8 flail "Enkag" {drain, +Blink Int+6 Dex+3 Stlth+}
rCold    + + +     Gourm    +   (no shield)
rNeg     + . .     Faith    .   M - +4 moon troll leather armour {Spirit, Regen++ MP+5}
rPois    ∞         Spirit   +   Y - +2 helmet {SInv}
rElec    +         Reflect  .   T - scarf {rC+ rF+}
rCorr    +         Harm     .   R - +2 pair of gloves {Str+3}
MR       +++..     Rnd*Rage +   X - +0 pair of boots of the Learner {+Inv rF+ rCorr}
Stlth    ++........             h - amulet of Freedom {Gourm *Contam rF+ rC+++ MR+}
HPRegen  1.63/turn              c - +5 ring of protection
MPRegen  0.36/turn              J - ring of Phasing {EV+8}

@: contaminated, glowing, studying 4 skills
A: big wings, fangs 1, rugged brown scales 1, thin skeletal structure 1, berserk
2, fire resistance 1, high mp 1, negative energy resistance 1, regeneration 1,
screaming 1, electricity resistance, unbreathing, evolution 1, petrification
resistance, no potion heal 1, rot immunity, MP-powered wands, AC +20
}: 4/15 runes: decaying, slimy, silver, gossamer
a: Fly, Renounce Religion, Evoke Blink, Evoke Invisibility


You were on level 27 of a ziggurat.
You worshipped Vehumet.
Vehumet was exalted by your worship.
You were not hungry.

You visited 11 branches of the dungeon, and saw 53 of its levels.
You visited the Abyss 1 time.
You visited 1 ziggurat, and saw 27 of its levels.
You also visited: Bailey and Gauntlet.

You collected 11412 gold pieces.
You spent 2698 gold pieces at shops.

Inventory:

Hand Weapons
 a - a +9 demon whip of electrocution
 b - the +8 flail "Enkag" (weapon) {drain, +Blink Int+6 Dex+3 Stlth+}
   (You found it on level 2 of the Depths)

   A truly terrible weapon, it drains the life of those it strikes.
   It affects your intelligence (+6).
   It affects your dexterity (+3).
   It lets you blink.
   It makes you more stealthy.
 K - the +12 lance "Wyrmbane" {slay drac, rPois rF+ rC+ AC+3}
   (You found it on level 23 of a ziggurat)

   It affects your AC (+3).
   It protects you from fire.
   It protects you from cold.
   It protects you from poison.
Missiles
 m - 6 throwing nets (quivered)
Armour
 M - the +4 moon troll leather armour (worn) {Spirit, Regen++ MP+5}
   (You found it on level 18 of a ziggurat)

   It affects your magic capacity (+5).
   It increases your rate of regeneration.
   If you remove this armour, your AC will decrease by 9 (44 -> 35).
 R - a +2 pair of gloves of strength (worn)
 S - the +4 robe of Augmentation {Str+4 Int+4 Dex+4}
   (You found it on level 22 of a ziggurat)

   It affects your strength (+4).
   It affects your intelligence (+4).
   It affects your dexterity (+4).
   If you switch to wearing this armour, your AC will decrease by 2 (44 -> 42).
 T - a scarf of resistance (worn)
 X - the +0 pair of boots of the Learner (worn) {+Inv rF+ rCorr}
   (You found it in a Gauntlet)

   It protects you from fire.
   It lets you turn invisible.
   It provides partial protection from all sources of acid and corrosion.
   If you remove this armour, your AC will decrease by 1 (44 -> 43).
 Y - a +2 helmet of see invisible (worn)
Jewellery
 c - a +5 ring of protection (left hand)
 h - the amulet of Freedom (around neck) {Gourm *Contam rF+ rC+++ MR+}
   (You found it on level 21 of a ziggurat)

   [amulet of the gourmand]

   It allows you to eat raw meat even when not hungry.
   It protects you from fire.
   It renders you almost immune to cold.
   It affects your resistance to hostile enchantments.
   It causes magical contamination when unequipped.
 i - the amulet of Boyfoyrr {Faith Int+2, unknown}
   (You found it on level 25 of a ziggurat)

   [amulet of faith]

   It allows you to gain divine favour quickly.
   It affects your intelligence (+2).
 j - the ring "Xuiczowi" {+Inv rC+ rCorr Stlth+}
   (You found it on level 3 of the Crypt)

   [ring of resist corrosion]

   It protects you from cold.
   It lets you turn invisible.
   It provides partial protection from all sources of acid and corrosion.
   It makes you more stealthy.
 x - the ring of Nakuog Tenyg {rPois rC+ Int+5, unknown}
   (You found it on level 26 of a ziggurat)

   [ring of intelligence]

   It affects your intelligence (+5).
   It protects you from cold.
   It protects you from poison.
 J - the ring of Phasing (right hand) {EV+8}
   (You found it on level 19 of a ziggurat)

   [ring of evasion]

   It affects your evasion (+8).
Wands
 u - a wand of acid (16)
 D - a wand of iceblast (28)
 N - a wand of clouds (6)
Scrolls
 e - 2 scrolls of brand weapon
 g - 36 scrolls of remove curse
 n - 12 scrolls of amnesia
 o - 50 scrolls of teleportation
 p - 5 scrolls of holy word
 r - 5 scrolls of enchant weapon
 v - 6 scrolls of magic mapping
 E - 18 scrolls of fog
 F - 3 scrolls of summoning
 Q - 5 scrolls of blinking
Potions
 f - 14 potions of mutation
 l - 2 potions of cancellation
 q - 11 potions of curing
 t - 8 potions of might
 G - 3 potions of brilliance
 I - 6 potions of resistance
 V - 6 potions of berserk rage
Books
 B - a manual of Charms
 C - a manual of Dodging
 H - a manual of Polearms
 W - a manual of Summonings
Miscellaneous
 k - 7 tremorstones
 s - 7 phantom mirrors
 y - a lamp of fire
 z - a phial of floods (inert)
 A - 2 boxes of beasts
 O - 7 sacks of spiders
 U - a fan of gales (inert)
 Z - a lightning rod (4/4)
Comestibles
 d - 49 rations


   Skills:
 + Level 25.0 Fighting
 - Level 14.4 Maces & Flails
 - Level 10.0 Armour
 - Level 15.0 Dodging
 - Level 2.1 Stealth
 + Level 22.7 Spellcasting
 + Level 25.5 Conjurations
 - Level 0.7 Transmutations
 - Level 22.0 Fire Magic
 + Level 20.5 Ice Magic
 - Level 22.0 Earth Magic
 - Level 10.0 Evocations


You had 11 spell levels left.
You knew the following spells:

 Your Spells              Type           Power        Failure   Level  Hunger
a - Shatter               Erth           ########..   3%          9    #####..
b - Stone Arrow           Conj/Erth      ######       0%          3    None
c - Lee's Rapid Deconstr  Erth           ########..   0%          5    None
d - Iron Shot             Conj/Erth      ########..   0%          6    None
e - Irradiate             Conj/Tmut      #######...   1%          5    None
f - Starburst             Conj/Fire      ########..   0%          6    None
g - Ignition              Fire           ########..   1%          8    ####...
h - Glaciate              Conj/Ice       ########..   2%          9    #####..
i - Fire Storm            Conj/Fire      ########..   1%          9    #####..

Your spell library contained the following spells:

 Spells                   Type           Power        Failure   Level  Hunger
 Tornado                  Air            #####.....   100%        9    #####..
 Foxfire                  Conj/Fire      ####         0%          1    None
 Freeze                   Ice            ####         0%          1    None
 Magic Dart               Conj           ####         0%          1    None
 Sandblast                Erth           ######       0%          1    None
 Shock                    Conj/Air       ####         0%          1    None
 Passwall                 Tmut/Erth      #######.     0%          2    None
 Searing Ray              Conj           ######       0%          2    None
 Conjure Flame            Conj/Fire      ########     0%          3    None
 Dazzling Flash           Conj/Hex       ######       0%          3    None
 Frozen Ramparts          Ice            ######       0%          3    None
 Static Discharge         Conj/Air       #######.     0%          3    None
 Hailstorm                Conj/Ice       ########     0%          4    None
 Sticky Flame             Conj/Fire      ########     0%          4    None
 Bolt of Magma            Conj/Fire/Erth ########..   0%          5    None
 Fireball                 Conj/Fire      ########..   0%          5    None
 Animate Skeleton         Necr           N/A          1%          1    None
 Apportation              Tloc           #####.       1%          1    None
 Beastly Appendage        Tmut           #####.       1%          1    None
 Corona                   Hex            #####..      1%          1    None
 Infusion                 Chrm           ####         1%          1    None
 Pain                     Necr           ####         1%          1    None
 Sting                    Tmut/Pois      ####         1%          1    None
 Summon Butterflies       Summ           #####...     1%          1    None
 Summon Small Mammal      Summ           ####         1%          1    None
 Blink                    Tloc           N/A          1%          2    None
 Call Imp                 Summ           #####...     1%          2    None
 Corpse Rot               Necr/Air       N/A          1%          2    None
 Ensorcelled Hibernation  Hex/Ice        ######       1%          2    None
 Poisonous Vapours        Pois/Air       #####.       1%          2    None
 Shroud of Golubria       Chrm/Tloc      #####.       1%          2    None
 Slow                     Hex            #####...     1%          2    None
 Song of Slaying          Chrm           #####...     1%          2    None
 Sticks to Snakes         Tmut           #####...     1%          2    None
 Swiftness                Chrm/Air       #####...     1%          2    None
 Ignite Poison            Fire/Tmut/Pois ######..     1%          3    None
 Inner Flame              Hex/Fire       #######.     1%          3    None
 Mephitic Cloud           Conj/Pois/Air  ######..     1%          3    None
 Ozocubu's Armour         Chrm/Ice       #######.     1%          3    None
 Fulminant Prism          Conj/Hex       #######...   1%          4    None
 Ice Form                 Ice/Tmut       #######.     1%          4    None
 Iskenderun's Mystic Bla  Conj/Tloc      #######.     1%          4    None
 Leda's Liquefaction      Hex/Erth       #######...   1%          4    None
 Petrify                  Tmut/Erth      #######.     1%          4    None
 Summon Ice Beast         Ice/Summ       #######.     1%          4    None
 Borgnjor's Vile Clutch   Necr/Erth      #######...   1%          5    None
 Iskenderun's Battlesphe  Conj/Chrm      #######.     1%          5    None
 Lightning Bolt           Conj/Air       #######...   1%          5    None
 Metabolic Englaciation   Hex/Ice        #######...   1%          5    None
 Conjure Ball Lightning   Conj/Air       #######...   1%          6    None
 Freezing Cloud           Conj/Ice/Air   #######...   1%          6    None
 Orb of Destruction       Conj           ########..   1%          7    None
 Spellforged Servitor     Conj/Summ      #######...   1%          7    None
 Lehudib's Crystal Spear  Conj/Erth      ########..   1%          8    ####...
 Spider Form              Tmut/Pois      #####.....   2%          3    None
 Airstrike                Air            #####.....   2%          4    None
 Olgreb's Toxic Radiance  Pois           #####...     2%          4    None
 Simulacrum               Ice/Necr       #######...   2%          6    None
 Call Canine Familiar     Summ           #####...     3%          3    None
 Confusing Touch          Hex            #####...     3%          3    None
 Gell's Gravitas          Tloc           #####.....   3%          3    None
 Lesser Beckoning         Tloc           #####.....   3%          3    None
 Portal Projectile        Hex/Tloc       #####.       3%          3    None
 Recall                   Summ/Tloc      N/A          3%          3    None
 Spectral Weapon          Hex/Chrm       #####...     3%          3    None
 Teleport Other           Tloc           #####...     3%          3    None
 Tukima's Dance           Hex            #####...     3%          3    None
 Vampiric Draining        Necr           #####.....   3%          3    None
 Yara's Violent Unravell  Hex/Tmut       #####.....   7%          5    None
 Animate Dead             Necr           N/A          10%         4    None
 Cause Fear               Hex            #####.....   10%         4    None
 Dispel Undead            Necr           #####...     10%         4    None
 Summon Lightning Spire   Summ/Air       #####...     10%         4    None
 Ring of Flames           Chrm/Fire      #######...   10%         7    None
 Chain Lightning          Conj/Air       #######...   10%         8    ####...
 Blade Hands              Tmut           #####.....   22%         5    None
 Alistair's Intoxication  Tmut/Pois      #####...     24%         5    None
 Agony                    Necr           #####...     28%         5    None
 Aura of Abjuration       Summ           #####.....   28%         5    None
 Excruciating Wounds      Chrm/Necr      #####.....   28%         5    None
 Silence                  Hex/Air        #####.....   28%         5    None
 Summon Demon             Summ           #####.....   28%         5    None
 Summon Forest            Summ/Tloc      #####.....   28%         5    None
 Summon Mana Viper        Hex/Summ       #####...     28%         5    None
 Hydra Form               Tmut           #####.....   75%         6    None
 Eringya's Noxious Bog    Tmut/Pois      #####.....   80%         6    None
 Darkness                 Hex            #####.....   83%         6    None
 Death Channel            Necr           #####.....   83%         6    None
 Deflect Missiles         Chrm/Air       #####.....   83%         6    None
 Dispersal                Tloc           #####.....   83%         6    None
 Invisibility             Hex            #####...     83%         6    None
 Shadow Creatures         Summ           N/A          83%         6    None
 Dragon Form              Tmut           #####.....   100%        7    None
 Haunt                    Necr/Summ      #####.....   100%        7    None
 Malign Gateway           Summ/Tloc      #####.....   100%        7    None
 Monstrous Menagerie      Summ           #####.....   100%        7    None
 Summon Greater Demon     Summ           #####.....   100%        7    None
 Summon Hydra             Summ           #####.....   100%        7    None
 Borgnjor's Revivificati  Necr           #####.....   100%        8    ####...
 Controlled Blink         Tloc           N/A          100%        8    ####...
 Death's Door             Chrm/Necr      #####.....   100%        8    ####...
 Disjunction              Tloc           #####.....   100%        8    ####...
 Infestation              Necr           #####.....   100%        8    ####...
 Necromutation            Tmut/Necr      #####.....   100%        8    ####...
 Summon Horrible Things   Summ           #####.....   100%        8    ####...
 Dragon's Call            Summ           #####.....   100%        9    #####..
 Sublimation of Blood     Necr           Unusable     N/A         2    N/A
 Statue Form              Tmut/Erth      Unusable     N/A         6    N/A

Dungeon Overview and Level Annotations

Branches:
Dungeon (15/15)            Temple (1/1) D:5            Lair (6/6) D:10
  Swamp (4/4) Lair:2       Spider (4/4) Lair:2        Slime (5/5) Lair:6
    Orc (2/2) D:11            Elf (3/3) Orc:2        Vaults (5/5) D:13
  Crypt (3/3) Vaults:3       Tomb (0/3) Crypt:3      Depths (5/5) D:15
    Zot (0/5) Depths:5     Bailey (visited)         Gauntlet (visited)

Altars:
Ashenzari
Cheibriados
Dithmenos
Elyvilon
Hepliaklqana
Kikubaaqudgha
Makhleb
Okawaru
Qazlal
Ru
Sif Muna
Trog
Uskayaw
Vehumet
Wu Jian
Xom
Zin
The Shining One
Jiyva
Lugonu

Shops:
D:8 }   D:13 %   Orc:2 ??(%!   Elf:2 :   Elf:3 *   Vaults:2 :   Vaults:5 !
Depths:4 =   Depths:5 *

Portals:
Hell: Depths:1 Depths:2 Depths:3 Depths:4 Depths:5
Abyss: Depths:1 Depths:4
Pandemonium: Depths:2 Depths:3 Depths:5
Trove: Depths:2 (give 2 scrolls of acquirement)

Annotations:
Elf:2 3 runed translucent doors
Vaults:1 1 runed translucent door, Jucurch's ghost, adept GnWn
Vaults:2 1 runed translucent door, Kuqudo's ghost, adept DDFi


Innate Abilities, Weirdness & Mutations

You are resistant to torment.
Your stone body is resilient. (AC +20)
You are immune to poison.
Your large and strong wings let you fly indefinitely.
You resist negative energy. (rN+)
You are resistant to electric shocks. (rElec)
You can survive without breathing.
You are immune to petrification.
You are immune to rotting.
You have very sharp teeth.
You are partially covered in rugged brown scales. (AC +1, +3% HP)
You have a somewhat thin skeletal structure. (Dex +2, Stealth)
You often lose your temper in combat.
Your flesh is heat resistant. (rF+)
You have an increased reservoir of magic. (+10% MP)
Your natural rate of healing is unusually fast.
You occasionally shout uncontrollably at your foes.
You evolve.
Potions are less effective at restoring your health.
You expend magic power (3 MP) to strengthen your wands.


Message History

Casting: Shatter (slightly dangerous; 3% risk of failure)
Confirm with . or Enter, or press ? or * to list all spells.
You don't have enough magic to cast that spell.
Unknown command.
Evoke which item? (* to show all) (? for menu, Esc to quit)
A fierce wind blows from the fan.
The butterflies and Lupt are blown away by the wind.
Unknown command.
Unknown command.
You completely miss Lupt. Your bite misses Lupt.
Lupt is heavily wounded.
Lupt hits you!
* * * LOW HITPOINT WARNING * * *
Unknown command.
Your system partially rejects the healing.
You feel better. Lupt misses you. Lupt hits you!!
* * * LOW HITPOINT WARNING * * *
Your system partially rejects the healing.
You feel better. Lupt hits you but does no damage. Lupt hits you!!
You die...

............###.......###.t......
............##......b..##≈2†.....
.........................≈≈≈.....
▓▓▓▓▓▓▓▓▓▓▓.........bb..4.▓▓▓▓▓▓▓
▓...............▓
▓...............▓
▓............b..▓
▓...............▓
▓.....@&........▓
▓...............▓
▓...............▓
▓...............▓
▓...............▓
▓▓▓▓▓▓▓▓▓▓▓▓▓▓▓▓▓


You could see Lupt.

Vanquished Creatures
  the Royal Jelly (Slime:5)
  3 ancient liches (Crypt:3)
  Mennas (Crypt:3)
  5 juggernauts
  36 pandemonium lords
  6 shard shrikes
  11 Killer Klowns
  the Lernaean hydra (Swamp:4)
  Bai Suzhen (Swamp:3)
  Xtahua (Crypt:3)
  2 caustic shrikes (Zig:21)
  Jory (Vaults:4)
  Nikola (Depths:2)
  Arachne (Spider:4)
  13 golden dragons
  2 profane servitors (Zig:14)
  5 bone dragons
  A Hell Sentinel (Zig:23)
  2 iron giants
  Jorgrun (Elf:1)
  12 tentacled monstrosities
  2 hellephants (Zig:21)
  4 Ice Fiends (Zig:26)
  9 liches
  2 quicksilver dragons
  4 deep elf master archers
  11 titans
  2 deep elf blademasters
  28 acid blobs
  A sphinx (shapeshifter) (Zig:27)
  3 sphinxes
  Kirke (D:14)
  2 shadow dragons
  A thorn hunter (Depths:3)
  Donald (Orc:2)
  4 tentacled starspawn
  6 ancient champions
  Agnes (D:14)
  A storm dragon (shapeshifter) (Zig:27)
  A revenant (Crypt:3)
  10 azure jellies
  5 tengu reavers
  8 fire giants
  4 storm dragons
  An azure jelly (shapeshifter) (Zig:27)
  28 nagarajas
  Aizul (Swamp:1)
  A frost giant (shapeshifter) (Zig:12)
  2 balrugs
  12 vault wardens
  17 frost giants
  3 juggernaut zombies (Zig:15)
  3 iron dragons
  A caustic shrike zombie (Zig:15)
  23 ghost moths
  2 fire giants (shapeshifter)
  6 curse skulls
  6 draconian knights (Zig:26)
  11 emperor scorpions
  4 deep elf elementalists
  9 orc warlords (Zig:20)
  9 deep elf sorcerers
  2 stone giants (shapeshifter) (Zig:27)
  A draconian annihilator (Depths:5)
  24 ironheart preservers
  29 very ugly things
  8 reapers
  20 stone giants
  7 war gargoyles
  15 entropy weavers
  A black sun (Zig:25)
  10 vampire knights
  10 deep elf demonologists
  The ghost of Beaer the Unseen, a journeyman VSAs of Okawaru (Spider:4)
  2 corrupters
  12 spark wasps
  2 white draconians (Depths:3)
  3 deep elf annihilators
  A red draconian (Depths:3)
  Azrael (Orc:2)
  3 yellow draconians (Depths:5)
  A lorocyproca (Zig:22)
  6 dire elephants (Zig:21)
  4 black draconians
  A dire elephant (shapeshifter) (Zig:23)
  A minotaur (Gauntlet)
  13 deep elf death magi
  9 blizzard demons
  15 ettins
  3 merfolk javelineers (Zig:19)
  22 green deaths
  Snorg (Lair:6)
  A crystal guardian (Zig:8)
  5 deep elf high priests
  9 jiangshi
  2 quicksilver dragon zombies
  6 eidola
  20 yaktaur captains
  7 rakshasas
  12 death oozes
  24 great orbs of eyes
  10 fire dragons
  A merfolk impaler (Depths:3)
  Harold (Lair:1)
  Fannar (D:10)
  61 hydras
  The ghost of Raziwief the Thaumaturge, a journeyman DEEE of Vehumet (D:15)
  18 ice dragons
  2 ghost crabs
  A merfolk avatar (Lair:6)
  10 shambling mangroves
  A spriggan air mage (Depths:4)
  24 alligators
  4 anacondas
  5 naga warriors
  32 vault guards
  4 death knights
  4 alligator snapping turtles (Zig:19)
  2 catoblepae
  A queen ant (shapeshifter) (Zig:27)
  12 centaur warriors
  42 two-headed ogres
  26 dancing weapons
  7 deep troll earth magi
  16 ogre magi
  2 merfolk aquamancers (Zig:19)
  10 deep troll shamans
  7 tengu warriors
  A death yak (shapeshifter) (Zig:23)
  10 thrashing horrors
  Urug (Lair:6)
  9 vampire magi
  A shock serpent (shapeshifter) (Zig:27)
  12 orc high priests
  5 soul eaters
  2 spriggan berserkers
  7 shock serpents
  12 naga sharpshooters
  3 wretched stars (Zig:22)
  4 sun demons
  14 deep elf knights
  5 hell knights
  34 skeletal warriors
  2 storm dragon zombies
  2 iron trolls (shapeshifter)
  2 titan skeletons (Crypt:2)
  4 shadow wraiths
  7 iron trolls
  A fire crab (shapeshifter) (Vaults:1)
  3 salamander mystics
  5 spriggans
  A sixfirhy (Zig:22)
  18 death drakes
  6 glowing orange brains
  A spark wasp zombie (Crypt:1)
  41 deep trolls
  2 spatial maelstroms (Zig:22)
  9 spriggan druids
  A shadow dragon zombie (Zig:15)
  An unseen horror (Vaults:1)
  2 shadow demons
  4 storm dragon skeletons (Crypt:3)
  27 swamp dragons
  A sea snake (shapeshifter) (Zig:27)
  8 wizards
  20 deep elf archers
  5 flayed ghosts
  A golden dragon skeleton (Crypt:3)
  10 phantasmal warriors
  A tengu zombie (Zig:15)
  A lindwurm (Zig:21)
  4 harpies
  3 obsidian statues
  3 orange crystal statues
  6 necromancers
  2 lindwurms (shapeshifter)
  A wolf spider (shapeshifter) (Zig:3)
  18 ironbrand convokers
  A wolf spider zombie (D:15)
  4 naga ritualists
  12 orc knights
  29 orb spiders
  55 wolf spiders
  8 salamanders
  An iron dragon zombie (Zig:15)
  88 deep elf magi
  6 mana vipers
  52 ugly things
  4 orc sorcerers
  A faun (shapeshifter) (Elf:2)
  2 shining eyes
  A fire giant zombie (Crypt:2)
  2 frost giant zombies (Crypt:3)
  A worldbinder (Zig:22)
  4 oklob plants (Lair:4)
  11 moths of wrath
  4 manticores
  A spectral centaur (Gauntlet)
  11 cyclopes
  6 apocalypse crabs
  A dire elephant zombie (Crypt:3)
  An elephant (Lair:4)
  5 fire giant skeletons
  A guardian serpent (shapeshifter) (Depths:2)
  4 smoke demons
  A frost giant skeleton (Crypt:3)
  4 rust devils
  Psyche (D:10)
  2 water nymphs (shapeshifter)
  8 guardian serpents
  A shock serpent zombie (Crypt:2)
  4 ice statues
  30 black mambas
  Joseph (D:9)
  11 torpor snails
  A stone giant skeleton (Depths:1)
  8 gargoyles
  9 vault sentinels
  3 eyes of devastation
  A torpor snail (shapeshifter) (Vaults:4)
  20 spiny frogs
  15 naga magi
  A death yak zombie (Crypt:1)
  A rime drake (shapeshifter) (Vaults:1)
  A hellion (Zig:15)
  11 komodo dragons
  2 green draconian zombies (Crypt:1)
  A komodo dragon (shapeshifter) (D:15)
  4 efreet
  40 yaktaurs
  A red draconian zombie (Crypt:1)
  2 tormentors (Zig:15)
  21 demonic crawlers
  12 freezing wraiths
  18 rime drakes
  A golden dragon simulacrum (Zig:26)
  A guardian mummy (Crypt:1)
  13 ice devils
  A yaktaur (shapeshifter) (Vaults:5)
  A red draconian skeleton (Crypt:2)
  4 tengu conjurers
  A queen bee (Spider:2)
  4 ancient zymes
  2 red devils (Depths:4)
  A tengu simulacrum (Zig:26)
  29 hornets
  6 polar bears
  2 trolls (shapeshifter)
  13 tyrant leeches
  A polar bear (shapeshifter) (Vaults:2)
  9 trolls
  A merfolk (shapeshifter) (Zig:23)
  A wind drake (shapeshifter) (D:15)
  48 jumping spiders
  A blink frog (shapeshifter) (Depths:1)
  A queen bee (shapeshifter) (Vaults:4)
  2 wind drakes
  4 dream sheep (Lair:6)
  A snapping turtle (shapeshifter) (Zig:8)
  13 blink frogs
  A raiju (shapeshifter) (Zig:23)
  113 slime creatures
  20 bog bodies
  An elf zombie (Zig:22)
  15 hippogriffs
  An alligator zombie (Crypt:3)
  2 hippogriffs (shapeshifter)
  3 raiju (Zig:22)
  6 air elementals
  A hydra skeleton (Crypt:2)
  A fire dragon zombie (Depths:1)
  13 fire dragon skeletons (Crypt:3)
  33 tarantellas
  A redback (shapeshifter) (D:14)
  72 redbacks
  7 shadows
  14 water elementals
  An alligator skeleton (Crypt:1)
  4 flying skulls (Crypt:2)
  35 yaks
  A wind drake zombie (Crypt:2)
  11 wraiths
  10 wyverns
  4 ettin skeletons
  6 vampires
  A spriggan (shapeshifter) (Vaults:1)
  5 starcursed masses (Zig:22)
  A tarantella (shapeshifter) (D:13)
  6 hogs (D:14)
  A neqoxec (Zig:22)
  10 golden eyes
  4 basilisks
  5 fire elementals
  Grum (D:9)
  12 vampire mosquitoes
  7 wargs
  5 hungry ghosts
  A spatial vortex (Zig:22)
  2 elf simulacra (Zig:26)
  2 human simulacra (Vaults:2)
  13 nagas
  8 chaos spawn
  A swamp worm (shapeshifter) (Zig:23)
  13 swamp worms
  17 insubstantial wisps
  2 soldier ants (D:9)
  Duvessa (D:7)
  3 acid dragons
  5 small abominations (Zig:22)
  A gelid demonspawn zombie (Crypt:1)
  21 water moccasins
  A water nymph skeleton (Crypt:2)
  A water moccasin (shapeshifter) (Zig:27)
  8 porcupines
  A floating eye (Zig:10)
  67 orc warriors
  A snapping turtle zombie (Crypt:3)
  A floating eye (shapeshifter) (Zig:27)
  5 hell hounds (Orc:2)
  10 large abominations
  10 ice beasts
  19 swamp drakes
  4 phantoms
  A fire dragon simulacrum (Crypt:1)
  A sky beast (shapeshifter) (Zig:23)
  A black bear (D:11)
  A manticore zombie (Crypt:2)
  3 sky beasts
  18 boggarts
  8 eyes of draining
  9 wolves
  A wolf (shapeshifter) (Vaults:5)
  52 ogres
  4 centaurs
  A necrophage (D:7)
  A blink frog skeleton (Crypt:2)
  23 crocodiles
  8 big kobolds
  A big kobold (shapeshifter) (Vaults:5)
  Blork the orc (D:5)
  10 bullfrogs
  A glowing shapeshifter simulacrum (Zig:26)
  2 gnoll sergeants (D:11)
  2 wyvern zombies
  Dowan (D:7)
  2 earth elementals (Elf:2)
  A draconian skeleton (Crypt:1)
  3 wyvern skeletons
  A hornet simulacrum (D:14)
  A scorpion (D:11)
  2 water moccasin skeletons
  12 wights
  A spriggan skeleton (Crypt:2)
  12 killer bees
  An electric eel (Spider:3)
  A howler monkey (D:9)
  16 crimson imps
  2 bullfrog zombies
  3 centaur skeletons
  7 iron imps
  25 orc priests
  4 bullfrog skeletons
  3 centaur zombies
  6 hounds
  A quasit (Depths:5)
  A human zombie (Crypt:1)
  5 jellies
  23 orc wizards
  3 human skeletons (Crypt:1)
  An iguana (D:10)
  11 worker ants
  An ogre zombie (Crypt:3)
  A hound zombie (D:6)
  A crocodile skeleton (Crypt:2)
  5 mummies (Crypt:1)
  A worker ant zombie (D:9)
  7 adders
  3 gnolls
  A steam dragon skeleton (Crypt:2)
  10 shadow imps
  9 white imps
  An adder zombie (D:7)
  3 adder skeletons
  9 worms
  2 ball lightnings (Depths:3)
  A dart slug (D:1)
  9 leopard geckos
  105 orcs
  An orc (shapeshifter) (Elf:3)
  12 giant cockroaches
  7 goblins
  7 hobgoblins
  5 jackals
  4 quokkas
  4 ball pythons
  3 bats
  A dart slug zombie (Crypt:2)
  7 frilled lizards
  27 kobolds
  A kobold zombie (Crypt:3)
  A leopard gecko skeleton (D:5)
  An orc zombie (Crypt:3)
  7 rats
  A river rat skeleton (Crypt:2)
  15 blocks of ice
  20 fire vortices
  3 fungi (Swamp:4)
  2 plants (Lair:4)
  2 starspawn tentacles (Zig:22)
  A withered plant (Crypt:3)
3282 creatures vanquished.

Vanquished Creatures (collateral kills)
  A lich (Crypt:3)
  A frost giant (Zig:26)
  A vampire knight (Zig:14)
  A blizzard demon (Zig:26)
  A naga sharpshooter (Zig:11)
  A black mamba (Zig:16)
  A demonic crawler (Zig:24)
  A sphinx simulacrum (Zig:26)
  An iron dragon simulacrum (Zig:26)
  A golden eye (Slime:2)
  A block of ice (Zig:23)
11 creatures vanquished.

Vanquished Creatures (others)
  A pandemonium lord (Zig:27)
  An eldritch tentacle (Zig:27)
  A war gargoyle (Crypt:3)
  A soul eater (Depths:3)
  A deep elf knight (Elf:1)
  2 deep elf magi (Elf:1)
  A demonic crawler (Spider:4)
  A jumping spider (Spider:4)
  A bog body (Zig:25)
  A naga (Zig:5)
  A small abomination (Zig:22)
  An orc (D:10)
  10 blocks of ice
  82 fire vortices
  5 fungi
  14 plants
  7 starspawn tentacles
  43 withered plants (Crypt:3)
174 creatures vanquished.

Grand Total: 3467 creatures vanquished

Notes
Turn   | Place    | Note
-------+----------+-------------------------------------------
     0 | D:1      | Veres the Gargoyle Earth Elementalist began the quest for
                  | the Orb.
     0 | D:1      | Reached XP level 1. HP: 10/10 MP: 3/3
   237 | D:1      | Reached XP level 2. HP: 15/15 MP: 3/5
   735 | D:1      | Reached XP level 3. HP: 16/19 MP: 6/6
  1259 | D:2      | Learned a level 3 spell: Stone Arrow
  1406 | D:2      | Reached XP level 4. HP: 4/24 MP: 4/8
  1708 | D:2      | Reached skill level 1 in Conjurations
  2456 | D:3      | Found a glowing silver altar of Zin.
  2467 | D:3      | Reached skill level 5 in Earth Magic
  2586 | D:3      | Reached XP level 5. HP: 23/28 MP: 8/10
  2593 | D:3      | Learned a level 5 spell: Lee's Rapid Deconstruction
  3280 | D:4      | Found an iron altar of Okawaru.
  3347 | D:4      | Reached XP level 6. HP: 25/32 MP: 11/11
  3358 | D:4      | You fall into a shaft and drop 3 floors!
  3706 | D:5      | Entered Level 5 of the Dungeon
  3706 | D:5      | Found a staircase to the Ecumenical Temple.
  3714 | Temple   | Entered the Ecumenical Temple
  3753 | Temple   | Became a worshipper of Vehumet
  3886 | D:6      | Found a shimmering blue altar of Sif Muna.
  3903 | D:5      | Found a snail-covered altar of Cheibriados.
  4017 | D:5      | Noticed Blork the orc
  4020 | D:5      | Killed Blork the orc
  4020 | D:5      | Reached XP level 7. HP: 36/36 MP: 3/13
  4289 | D:4      | Found a shimmering blue altar of Sif Muna.
  4746 | D:4      | Reached skill level 5 in Spellcasting
  5304 | D:5      | Reached skill level 5 in Conjurations
  5304 | D:5      | Reached XP level 8. HP: 41/41 MP: 12/15
  5703 | D:6      | Found a shattered altar of Ashenzari.
  5916 | D:7      | Noticed Duvessa
  5917 | D:7      | Noticed Dowan
  5987 | D:7      | Killed Duvessa
  6097 | D:7      | Killed Dowan
  6147 | D:7      | Noticed a hippogriff
  6165 | D:7      | Killed a hippogriff
  6352 | D:7      | Noticed a wraith
  6360 | D:7      | Killed a wraith
  6471 | D:7      | Reached XP level 9. HP: 45/45 MP: 15/18
  6845 | D:7      | Reached * piety under Vehumet
  6845 | D:7      | Offered knowledge of Shock by Vehumet.
  7362 | D:8      | Reached skill level 1 in Fighting
  7362 | D:8      | Reached skill level 1 in Maces & Flails
  7362 | D:8      | Reached skill level 1 in Armour
  7427 | D:8      | Found Edesecu's Gadget Shop.
  8160 | D:9      | Noticed Grum
  8170 | D:9      | Killed Grum
  8171 | D:9      | Reached XP level 10. HP: 19/54 MP: 7/20
  8408 | D:9      | Identified the +7 dagger of Riwevico {holy, Str+7 Int-5}
  8470 | D:9      | Reached ** piety under Vehumet
  8523 | D:9      | Offered knowledge of Foxfire by Vehumet.
  8561 | D:9      | Found a glowing golden altar of the Shining One.
  8585 | D:9      | Noticed Joseph
  8600 | D:9      | Killed Joseph
  8740 | D:9      | Found a bloodstained altar of Trog.
  8933 | D:9      | Reached skill level 10 in Earth Magic
  9312 | D:9      | Found a glowing golden altar of the Shining One.
  9448 | D:10     | Entered Level 10 of the Dungeon
  9448 | D:10     | Noticed a gargoyle
  9449 | D:10     | Killed a gargoyle
  9463 | D:10     | Offered knowledge of Ignite Poison by Vehumet.
  9602 | D:10     | Found a staircase to the Lair.
  9947 | D:10     | Noticed Psyche
  9948 | D:10     | Noticed Fannar
  9952 | D:10     | Killed Psyche
  9952 | D:10     | Reached *** piety under Vehumet
  9963 | D:10     | Killed Fannar
  9963 | D:10     | Reached skill level 1 in Evocations
  9963 | D:10     | Reached XP level 11. HP: 61/62 MP: 4/22
 10273 | D:10     | Offered knowledge of Hailstorm by Vehumet.
 10338 | D:10     | Noticed a deep elf mage
 10341 | D:10     | Killed a deep elf mage
 10354 | D:10     | Noticed a deep elf mage
 10360 | D:10     | Killed a deep elf mage
 10895 | D:11     | Learned a level 5 spell: Irradiate
 11108 | D:11     | You fall into a shaft and drop 1 floor!
 11108 | D:12     | Noticed a centaur warrior
 11114 | D:12     | Killed a centaur warrior
 11114 | D:12     | Reached skill level 5 in Fighting
 11114 | D:12     | Reached skill level 5 in Armour
 11219 | D:12     | Reached **** piety under Vehumet
 11261 | D:12     | Offered knowledge of Static Discharge by Vehumet.
 11315 | D:11     | Found a staircase to the Orcish Mines.
 11603 | D:11     | Noticed a purple ugly thing
 11609 | D:11     | Killed a purple ugly thing
 11609 | D:11     | Reached skill level 5 in Maces & Flails
 11981 | D:12     | Noticed an orange crystal statue
 11982 | D:12     | Noticed a phantasmal warrior
 11984 | D:12     | Killed an orange crystal statue
 11996 | D:12     | Killed a phantasmal warrior
 11998 | D:12     | Noticed a death knight
 12153 | D:12     | Killed a death knight
 12153 | D:12     | Reached XP level 12. HP: 61/69 MP: 9/24
 12471 | D:12     | Reached ***** piety under Vehumet
 12476 | D:12     | Offered knowledge of Olgreb's Toxic Radiance by Vehumet.
 12551 | D:12     | Noticed a two-headed ogre
 12556 | D:12     | Killed a two-headed ogre
 12556 | D:12     | Reached skill level 5 in Dodging
 13049 | D:12     | Noticed a two-headed ogre
 13057 | D:12     | Killed a two-headed ogre
 13712 | D:13     | Found Elao's Food Boutique.
 13939 | D:13     | Found a flagged portal.
 13946 | Bailey   | Entered a bailey
 14495 | D:13     | Reached skill level 10 in Conjurations
 14524 | D:13     | Found a gate to the Vaults.
 14588 | D:13     | Got a scintillating tin ring
 14590 | D:13     | Identified the ring of Buunogod {rPois MP+9} (You found it
                  | on level 13 of the Dungeon)
 14644 | D:13     | Noticed a seven-headed hydra
 14647 | D:13     | Reached XP level 13. HP: 28/76 MP: 9/26
 15961 | D:14     | Noticed Kirke
 15972 | D:14     | Reached skill level 5 in Evocations
 15982 | D:14     | Noticed a sphinx
 15987 | D:14     | Killed Kirke
 16293 | D:14     | Noticed a rakshasa
 16303 | D:14     | Noticed a fire dragon
 16320 | D:14     | Killed a fire dragon
 16344 | D:14     | Killed a rakshasa
 16940 | D:14     | Noticed Agnes
 16957 | D:14     | HP: 3/78 [Agnes/+1 lajatang of electrocution (22)]
 16968 | D:14     | Killed Agnes
 17467 | Lair:1   | Entered Level 1 of the Lair of Beasts
 17649 | Lair:1   | Gained mutation: You are occasionally teleported next to
                  | monsters. [potion of mutation]
 17649 | Lair:1   | Gained mutation: Your large and strong wings let you fly
                  | indefinitely. [potion of mutation]
 17794 | Lair:1   | Noticed Harold
 17801 | Lair:1   | Killed Harold
 17917 | Lair:1   | Lost mutation: Your large and strong wings let you fly
                  | indefinitely. [potion of mutation]
 17917 | Lair:1   | Lost mutation: You are occasionally teleported next to
                  | monsters. [potion of mutation]
 17917 | Lair:1   | Gained mutation: You are weak. (Str -2) [potion of
                  | mutation]
 17917 | Lair:1   | Gained mutation: You possess an exceptional clarity of
                  | mind. [potion of mutation]
 17917 | Lair:1   | Gained mutation: Your mind is acute. (Int +2) [potion of
                  | mutation]
 17917 | Lair:1   | Gained mutation: Your large and strong wings let you fly
                  | indefinitely. [potion of mutation]
 18332 | Lair:2   | Mutation became permanent: Your large and strong wings let
                  | you fly indefinitely. [Gargoyle growth]
 18332 | Lair:2   | Gained mutation: Your large and strong wings let you fly
                  | indefinitely. [Gargoyle growth]
 18332 | Lair:2   | Reached XP level 14. HP: 84/84 MP: 14/27
 18661 | Lair:2   | Found a gate leading to a gauntlet.
 18673 | Gauntlet | Entered a Gauntlet
 18673 | Gauntlet | Found a transporter.
 18673 | Gauntlet | Found a transporter.
 18673 | Gauntlet | Found a runed translucent gate.
 18673 | Gauntlet | Found a runed translucent gate.
 18673 | Gauntlet | Found a runed translucent gate.
 18681 | Gauntlet | Found a transporter.
 18685 | Gauntlet | Found a transporter.
 18693 | Gauntlet | Found a transporter.
 18697 | Gauntlet | Found a transporter.
 18705 | Gauntlet | Found a transporter.
 18721 | Gauntlet | Found a transporter.
 18723 | Gauntlet | Noticed a dire elephant
 18735 | Gauntlet | Found a transporter.
 18739 | Gauntlet | Found a transporter.
 18740 | Gauntlet | Found a runed translucent door.
 18750 | Gauntlet | Found a transporter.
 18751 | Gauntlet | Found a transporter.
 18806 | Gauntlet | Reached skill level 10 in Spellcasting
 18903 | Gauntlet | Got a pair of heavily runed boots
 18905 | Gauntlet | Got a scorched silver ring
 18921 | Gauntlet | Identified the +0 pair of boots of the Learner {+Inv rF+
                  | rCorr} (You found it in a Gauntlet)
 18922 | Gauntlet | Identified the ring of the Leaf {rC- rN+ Int+5} (You found
                  | it in a Gauntlet)
 18923 | Gauntlet | Identified the +1 hand crossbow "Naqok" {penet, -Tele rElec
                  | Int+2 Dex+7}
 19180 | Lair:2   | Found a hole to the Spider Nest.
 19361 | Lair:2   | Got a smoking trident
 19362 | Lair:2   | Identified the +5 trident "Beozusao" {speed, Str+7} (You
                  | found it on level 2 of the Lair of Beasts)
 19424 | Lair:2   | Got a steaming mace
 19425 | Lair:2   | Identified the cursed +3 mace of the Egg {vorpal, *Noise
                  | rC+ Dex+4} (You found it on level 2 of the Lair of Beasts)
 19560 | Lair:2   | Found a staircase to the Swamp.
 20775 | Lair:3   | Identified a scroll of acquirement
 20775 | Lair:3   | Identified the amulet "Houcw" {Spirit Dex+2 Stlth+} (You
                  | acquired it on level 3 of the Lair of Beasts)
 20775 | Lair:3   | Identified the +10 dire flail "Ipota" {freeze, rN+} (You
                  | acquired it on level 3 of the Lair of Beasts)
 21569 | Lair:4   | Identified the +7 great sword "Leviticus" {freeze, -Tele
                  | Int+3 Dex+5} (You found it on level 4 of the Lair of
                  | Beasts)
 23011 | Lair:5   | You fall into a shaft and drop 1 floor!
 23011 | Lair:6   | Entered Level 6 of the Lair of Beasts
 23090 | Lair:6   | Noticed Snorg
 23107 | Lair:6   | Killed Snorg
 23251 | Lair:6   | Noticed Urug
 23264 | Lair:6   | Killed Urug
 23317 | Lair:6   | Found a staircase to the Slime Pits.
 23692 | Lair:6   | Offered knowledge of Spellforged Servitor by Vehumet.
 23742 | Lair:6   | Reached XP level 15. HP: 68/92 MP: 29/29
 24242 | Lair:5   | Reached skill level 10 in Fighting
 25332 | Orc:1    | Entered Level 1 of the Orcish Mines
 25883 | Orc:2    | Entered Level 2 of the Orcish Mines
 25962 | Orc:2    | Found Ranenuut's Distillery.
 25991 | Orc:2    | Bought a potion of heal wounds for 85 gold pieces
 25991 | Orc:2    | Bought a potion of curing for 51 gold pieces
 25991 | Orc:2    | Bought a potion of haste for 170 gold pieces
 25991 | Orc:2    | Bought a potion of curing for 51 gold pieces
 26004 | Orc:2    | Found a staircase to the Elven Halls.
 26130 | Orc:2    | Noticed Donald
 26149 | Orc:2    | Killed Donald
 26151 | Orc:2    | Noticed Azrael
 26165 | Orc:2    | Killed Azrael
 26167 | Orc:2    | Offered knowledge of Starburst by Vehumet.
 26178 | Orc:2    | Learned a level 6 spell: Starburst
 26264 | Orc:2    | Reached skill level 1 in Fire Magic
 27765 | Orc:2    | Lost mutation: Your mind is acute. (Int +2) [a neqoxec]
 27868 | Orc:2    | Reached skill level 5 in Fire Magic
 28038 | Orc:2    | Found Huunuor's Food Boutique.
 28041 | Orc:2    | Found Hikann's Magic Scroll Boutique.
 28042 | Orc:2    | Found Jisch's Weapon Boutique.
 28043 | Orc:2    | Found Otagegg's Magic Scroll Shop.
 28405 | Orc:2    | Bought a scroll of identify for 30 gold pieces
 28405 | Orc:2    | Bought a scroll of teleportation for 45 gold pieces
 28405 | Orc:2    | Bought a scroll of teleportation for 45 gold pieces
 28405 | Orc:2    | Bought a scroll of blinking for 112 gold pieces
 28405 | Orc:2    | Bought a scroll of identify for 30 gold pieces
 28409 | Orc:2    | Bought a scroll of identify for 32 gold pieces
 28409 | Orc:2    | Bought a scroll of teleportation for 48 gold pieces
 28409 | Orc:2    | Bought a scroll of teleportation for 48 gold pieces
 28409 | Orc:2    | Bought a scroll of teleportation for 48 gold pieces
 28409 | Orc:2    | Bought a scroll of teleportation for 48 gold pieces
 28409 | Orc:2    | Bought a scroll of teleportation for 48 gold pieces
 28581 | D:15     | Entered Level 15 of the Dungeon
 28616 | D:15     | Offered knowledge of Bolt of Magma by Vehumet.
 28826 | D:15     | Learned a level 5 spell: Bolt of Magma
 28830 | D:15     | Found a staircase to the Depths.
 28938 | D:15     | Reached XP level 16. HP: 62/98 MP: 31/31
 29585 | D:15     | Identified the amulet of Icisijed {Harm *Drain Slay+5} (You
                  | acquired it on level 15 of the Dungeon)
 29585 | D:15     | Identified the -1 buckler of the Crown {rC+ rCorr Dex-3}
                  | (You acquired it on level 15 of the Dungeon)
 29603 | D:15     | Found a shimmering altar of Xom.
 29611 | D:15     | Found a runed translucent door.
 29611 | D:15     | Noticed Raziwief's ghost (journeyman DEEE)
 29821 | D:15     | Reached skill level 10 in Fire Magic
 30074 | Elf:1    | Entered Level 1 of the Elven Halls
 30195 | Elf:1    | Noticed Jorgrun
 30213 | Elf:1    | Killed Jorgrun
 30513 | Elf:1    | Identified the Reference Book on the Entourage
 31100 | Elf:2    | Offered knowledge of Iron Shot by Vehumet.
 31108 | Elf:2    | Learned a level 6 spell: Iron Shot
 31280 | Elf:1    | Upgraded the game from 0.25-a0-503-ge281fa673e to
                  | 0.25-a0-510-ge065f6de7d
 31364 | Elf:3    | Entered Level 3 of the Elven Halls
 31364 | Elf:3    | Found Lilu's General Store.
 31373 | Elf:3    | Bought a scroll of magic mapping for 52 gold pieces
 31373 | Elf:3    | Bought a potion of haste for 150 gold pieces
 31373 | Elf:3    | Bought a scroll of identify for 30 gold pieces
 31373 | Elf:3    | Bought a potion of mutation for 120 gold pieces
 31373 | Elf:3    | Bought a potion of haste for 150 gold pieces
 31373 | Elf:3    | Bought a book of Flames for 525 gold pieces
 31379 | Elf:3    | Learned a level 5 spell: Fireball
 31797 | Elf:2    | Found Reheebeh's Book Boutique.
 31809 | Elf:2    | Reached XP level 17. HP: 92/103 MP: 25/32
 31903 | Elf:2    | Lost mutation: You are weak. (Str -2) [potion of mutation]
 31903 | Elf:2    | Lost mutation: You possess an exceptional clarity of mind.
                  | [potion of mutation]
 31903 | Elf:2    | Gained mutation: You tend to lose your temper in combat.
                  | [potion of mutation]
 31903 | Elf:2    | Gained mutation: Your natural rate of healing is unusually
                  | fast. [potion of mutation]
 31903 | Elf:2    | Gained mutation: You evolve. [potion of mutation]
 31976 | Elf:2    | Found a runed translucent gate.
 31976 | Elf:2    | Found a runed translucent gate.
 31977 | Elf:2    | Found a runed translucent gate.
 32481 | Elf:3    | Noticed a deep elf blademaster
 32514 | Elf:2    | Gained mutation: You have very sharp teeth. [evolution]
 32655 | Elf:2    | Killed a deep elf blademaster
 32767 | Elf:2    | Reached skill level 15 in Fire Magic
 33814 | Elf:3    | Offered knowledge of Ozocubu's Refrigeration by Vehumet.
 34145 | Elf:3    | Found the +8 orange crystal plate armour {Archmagi, Int+3
                  | Clar}
 34200 | Elf:3    | Identified the Compendium of the Glacier and the Birds
 34229 | Elf:3    | Identified Heol's Grimoire of Scorching Good Luck
 34280 | Elf:3    | Noticed a Hell Sentinel
 34295 | Elf:3    | Identified the amulet of Qalapt {Harm *Drain MR+ Int-3
                  | Dex+4}
 34413 | Elf:3    | Noticed a deep elf master archer
 34418 | Elf:3    | Killed a deep elf master archer
 34640 | Elf:3    | Reached XP level 18. HP: 108/108 MP: 30/33
 34702 | Elf:3    | Identified Vehumet's Tome of Confrontation
 34939 | Elf:3    | Noticed a deep elf blademaster
 34946 | Elf:3    | Killed a deep elf blademaster
 35019 | Elf:3    | Gained mutation: Your spells are a little harder to cast,
                  | but a little more powerful. [evolution]
 35332 | Elf:3    | Reached skill level 10 in Maces & Flails
 35636 | Elf:3    | Noticed a deep elf master archer
 35645 | Elf:3    | Killed a deep elf master archer
 36138 | Elf:3    | Found Lilu's General Store.
 37002 | Spider:1 | Entered Level 1 of the Spider Nest
 37121 | Spider:1 | Identified the +1 demon blade "Nenlaoli" {vorpal, rN+ Dex+2
                  | Stlth-} (You acquired it on level 1 of the Spider Nest)
 38640 | Spider:3 | Reached ****** piety under Vehumet
 39101 | Spider:3 | Offered knowledge of Conjure Ball Lightning by Vehumet.
 39778 | Spider:4 | Entered Level 4 of the Spider Nest
 39862 | Swamp:1  | Entered Level 1 of the Swamp
 40091 | Swamp:1  | Noticed Aizul
 40113 | Swamp:1  | Killed Aizul
 40326 | Swamp:1  | Offered knowledge of Shatter by Vehumet.
 40326 | Swamp:1  | Offered knowledge of Tornado by Vehumet.
 40326 | Swamp:1  | Offered knowledge of Ignition by Vehumet.
 40337 | Swamp:1  | Learned a level 4 spell: Sticky Flame
 40349 | Swamp:1  | Learned a level 8 spell: Ignition
 40803 | Swamp:2  | Reached XP level 19. HP: 86/115 MP: 25/34
 40832 | Swamp:2  | Reached skill level 10 in Dodging
 41434 | Swamp:3  | Noticed a tentacled monstrosity
 41448 | Swamp:2  | Killed a tentacled monstrosity
 41816 | Swamp:3  | Noticed Bai Suzhen
 41827 | Swamp:3  | Killed Bai Suzhen
 41827 | Swamp:3  | Reached skill level 15 in Earth Magic
 42359 | Swamp:3  | Identified the +0 robe of Jufiodun {Slay+3} (You found it
                  | on level 3 of the Swamp)
 42383 | Swamp:4  | Entered Level 4 of the Swamp
 42415 | Swamp:4  | Noticed the 27-headed Lernaean hydra
 42423 | Swamp:4  | Killed the 27-headed Lernaean hydra
 42727 | Swamp:4  | Identified the -1 helmet of the Untouchables {+Fly rElec
                  | Regen+ Int-4 Dex+7} (You found it on level 4 of the Swamp)
 42771 | Swamp:4  | Got a decaying rune of Zot
 43570 | Spider:4 | Found a runed translucent door.
 43570 | Spider:4 | Noticed Beaer's ghost (journeyman VSAs)
 43745 | Spider:4 | Killed Beaer's ghost
 43754 | Spider:4 | Reached XP level 20. HP: 123/123 MP: 11/36
 43947 | Spider:4 | Noticed Arachne
 44126 | Spider:4 | Killed Arachne
 44459 | Spider:4 | Got a gossamer rune of Zot
 44853 | Vaults:1 | Entered Level 1 of the Vaults
 45492 | Vaults:1 | Found a runed translucent door.
 45492 | Vaults:1 | Noticed Jucurch's ghost (adept GnWn)
 46846 | Vaults:2 | Reached XP level 21. HP: 129/129 MP: 22/37
 47731 | Vaults:2 | Found Addiygga's Book Emporium.
 47802 | Vaults:2 | Noticed Kuqudo's ghost (adept DDFi)
 47803 | Vaults:2 | Found a runed translucent door.
 48448 | Vaults:2 | Gained mutation: You are partially covered in rugged brown
                  | scales. (AC +1, +3% HP) [evolution]
 49314 | Vaults:3 | Identified the amulet "Jeitioch" {Inacc rN++} (You found it
                  | on level 3 of the Vaults)
 49468 | Vaults:3 | Found a staircase to the Crypt.
 50177 | Vaults:3 | Reached skill level 15 in Conjurations
 50813 | Vaults:4 | Reached XP level 22. HP: 140/140 MP: 27/39
 51015 | Vaults:4 | Noticed Jory
 51021 | Vaults:4 | Killed Jory
 51528 | Vaults:5 | Entered Level 5 of the Vaults
 51535 | Vaults:5 | Noticed a golden dragon
 51674 | Vaults:5 | Identified the +9 spear "Secret Weapon" {vorpal, rC+}
 52061 | Vaults:4 | Learned a level 5 spell: Bolt of Magma
 52072 | Vaults:4 | Learned a level 9 spell: Shatter
 52143 | Vaults:4 | Lost mutation: Your spells are a little harder to cast, but
                  | a little more powerful. [mutagenic glow]
 52404 | Depths:1 | Entered Level 1 of the Depths
 52558 | Depths:1 | Reached XP level 23. HP: 139/147 MP: 40/40
 53031 | Depths:1 | Found a gateway to Hell.
 53100 | Depths:1 | Found a one-way gate to the infinite horrors of the Abyss.
 53273 | Depths:2 | Found a burning altar of Makhleb.
 53565 | Depths:2 | Gained mutation: Your flesh is heat resistant. (rF+)
                  | [evolution]
 53733 | Depths:2 | Noticed Nikola
 53747 | Depths:2 | Killed Nikola
 53897 | Depths:2 | Noticed a golden dragon
 53912 | Depths:2 | Killed a golden dragon
 53925 | Depths:2 | Noticed a golden dragon
 53941 | Depths:2 | Killed a golden dragon
 54315 | Depths:2 | Found a portal to a secret trove of treasure.
 54492 | Depths:2 | Identified the +8 flail "Enkag" {drain, +Blink Int+6 Dex+3
                  | Stlth+} (You found it on level 2 of the Depths)
 54645 | Depths:2 | Found a one-way gate leading to the halls of Pandemonium.
 55140 | Depths:3 | Identified the +10 morningstar of the Swamp {venom, SInv
                  | Stlth+} (You found it on level 3 of the Depths)
 55239 | Depths:3 | Reached skill level 15 in Fighting
 55642 | Depths:3 | Found a large runed translucent door.
 55643 | Depths:3 | Found a large runed translucent door.
 55694 | Depths:3 | Reached XP level 24. HP: 136/154 MP: 1/41
 56208 | Depths:3 | Identified the Handbook of the Mutagenic Compass
 57026 | Depths:4 | Found a corrupted altar of Lugonu.
 57728 | Depths:4 | Found Geniur's Jewellery Shoppe.
 58118 | Depths:2 | Identified the ring "Ycawnug" {rF+ MR+}
 58375 | Crypt:1  | Entered Level 1 of the Crypt
 59674 | Crypt:1  | Gained mutation: You expend magic power (3 MP) to
                  | strengthen your wands. [evolution]
 60311 | Crypt:2  | Reached XP level 25. HP: 161/161 MP: 36/41
 60377 | Crypt:3  | Entered Level 3 of the Crypt
 60571 | Crypt:3  | Reached skill level 15 in Spellcasting
 60862 | Crypt:3  | Noticed Mennas
 61204 | Crypt:3  | Learned a level 9 spell: Fire Storm
 61342 | Crypt:3  | Killed Mennas
 61533 | Crypt:3  | Identified the Tome of Dark Rites
 61537 | Crypt:3  | Identified the ring "Xuiczowi" {+Inv rC+ rCorr Stlth+} (You
                  | found it on level 3 of the Crypt)
 61690 | Crypt:3  | Noticed an ancient lich
 61693 | Crypt:3  | Killed an ancient lich
 62376 | Crypt:3  | Noticed Xtahua
 62383 | Crypt:3  | Killed Xtahua
 62505 | Crypt:3  | Found a staircase to the Tomb.
 62506 | Crypt:3  | Noticed an ancient lich
 62507 | Crypt:3  | Cast into level 5 of the Abyss (an ancient lich)
 62507 | Abyss:5  | Entered Level 5 of the Abyss
 62753 | Abyss:5  | Reached skill level 15 in Dodging
 62855 | Crypt:3  | Escaped the Abyss
 62861 | Crypt:3  | Killed an ancient lich
 62865 | Crypt:3  | Noticed an ancient lich
 62874 | Crypt:3  | Paralysed by an ancient lich for 2 turns
 62887 | Crypt:3  | Killed an ancient lich
 63116 | Crypt:3  | Identified the Handbook of the Blaze
 63705 | Vaults:5 | Reached XP level 26. HP: 159/170 MP: 31/42
 64071 | Vaults:5 | Found Hebov's Distillery.
 64074 | Vaults:5 | Bought a potion of haste for 130 gold pieces
 64074 | Vaults:5 | Bought a potion of heal wounds for 65 gold pieces
 64074 | Vaults:5 | Bought a potion of curing for 39 gold pieces
 64074 | Vaults:5 | Bought a potion of brilliance for 52 gold pieces
 64074 | Vaults:5 | Bought a potion of resistance for 130 gold pieces
 64074 | Vaults:5 | Bought 2 potions of might for 104 gold pieces
 64074 | Vaults:5 | Bought a potion of curing for 39 gold pieces
 64074 | Vaults:5 | Bought a potion of heal wounds for 65 gold pieces
 64074 | Vaults:5 | Bought a potion of might for 52 gold pieces
 64074 | Vaults:5 | Bought a potion of might for 52 gold pieces
 64074 | Vaults:5 | Bought a potion of brilliance for 52 gold pieces
 64855 | Vaults:5 | Got a silver rune of Zot
 65424 | Slime:1  | Entered Level 1 of the Pits of Slime
 65942 | Slime:2  | Gained mutation: You often lose your temper in combat. [a
                  | shining eye]
 66006 | Slime:2  | Gained mutation: You have a somewhat thin skeletal
                  | structure. (Dex +2, Stealth) [evolution]
 66010 | Slime:3  | Gained mutation: You occasionally shout uncontrollably at
                  | your foes. [a shining eye]
 66192 | Slime:5  | Entered Level 5 of the Pits of Slime
 66229 | Slime:5  | Paralysed by a great orb of eyes for 3 turns
 66611 | Slime:5  | Found a viscous altar of Jiyva.
 66633 | Slime:5  | Noticed the Royal Jelly
 66644 | Slime:5  | Killed the Royal Jelly
 66644 | Slime:5  | Reached XP level 27. HP: 165/180 MP: 19/43
 66770 | Slime:5  | Got a slimy brass amulet
 66771 | Slime:5  | Identified the amulet of Bacyatut {Spirit Str+5 Stlth-}
                  | (You found it on level 5 of the Pits of Slime)
 66853 | Slime:5  | Got a slimy rune of Zot
 66855 | Slime:5  | Identified the +1 robe "Ynkyjunn" {+Fly Int+2} (You found
                  | it on level 5 of the Pits of Slime)
 67826 | D:15     | Killed Raziwief's ghost
 68027 | Depths:5 | Entered Level 5 of the Depths
 68301 | Depths:5 | Found Bapyuraah's Assorted Antiques.
 68789 | Depths:5 | Found a gate to the Realm of Zot.
 68874 | Depths:5 | Found a gateway to a ziggurat.
 69201 | Depths:5 | Learned a level 9 spell: Glaciate
 69491 | Zig:1    | Entered Level 1 of a ziggurat
 69559 | Zig:2    | Entered Level 2 of a ziggurat
 69689 | Zig:3    | Entered Level 3 of a ziggurat
 69811 | Zig:4    | Entered Level 4 of a ziggurat
 69889 | Zig:5    | Entered Level 5 of a ziggurat
 69975 | Zig:6    | Entered Level 6 of a ziggurat
 69980 | Zig:6    | Noticed a juggernaut
 69985 | Zig:6    | Killed a juggernaut
 70065 | Zig:6    | Identified the ring "Paecvo" {Dex+4 SInv} (You acquired it
                  | on level 6 of a ziggurat)
 70075 | Zig:7    | Entered Level 7 of a ziggurat
 70082 | Zig:7    | Reached skill level 1 in Ice Magic
 70152 | Zig:7    | Got a twitching silver ring
 70153 | Zig:7    | Identified the ring of Xaqiuj {Fire Str+7 Dex+4} (You found
                  | it on level 7 of a ziggurat)
 70163 | Zig:8    | Entered Level 8 of a ziggurat
 70229 | Zig:9    | Entered Level 9 of a ziggurat
 70273 | Zig:9    | Identified the Volume of the Entourage and Malediction
 70475 | Zig:10   | Entered Level 10 of a ziggurat
 70597 | Zig:10   | Found the ring of the Octopus King
 70630 | Zig:10   | Identified the +2 helmet of Ysmell {Str+4} (You found it on
                  | level 10 of a ziggurat)
 70633 | Zig:10   | Got a ring of the Octopus King
 70634 | Zig:10   | Identified a ring of the Octopus King {rN+ AC+1 EV+1 Str+1
                  | Int+1 Dex+1} (You found it on level 10 of a ziggurat)
 70644 | Zig:11   | Entered Level 11 of a ziggurat
 70703 | Zig:11   | Identified the Incunabulum of Scorching Translocation
 70707 | Zig:11   | Identified Pekudub's Primer on Hermeneutics
 70715 | Zig:12   | Entered Level 12 of a ziggurat
 70722 | Zig:12   | Noticed Vugreel the pandemonium lord
 70722 | Zig:12   | Noticed Ydulogg the pandemonium lord
 70725 | Zig:12   | Noticed Lukiyl the pandemonium lord
 70725 | Zig:12   | Noticed Fowuggyth the pandemonium lord
 70727 | Zig:12   | Killed Ydulogg the pandemonium lord
 70727 | Zig:12   | Reached skill level 5 in Ice Magic
 70730 | Zig:12   | Killed Fowuggyth the pandemonium lord
 70735 | Zig:12   | Killed Vugreel the pandemonium lord
 70738 | Zig:12   | Killed Lukiyl the pandemonium lord
 70866 | Zig:13   | Entered Level 13 of a ziggurat
 70917 | Zig:13   | Identified the Grimoire of Enthralling Contamination
 70919 | Zig:13   | Identified the Collected Works on the Supportive Arsonist
 70931 | Zig:13   | Got a pitted jade ring
 70932 | Zig:13   | Identified the ring "Xoutuer" {rElec rPois Int+3 Stlth+}
                  | (You found it on level 13 of a ziggurat)
 70938 | Zig:13   | Got a wavering amber ring
 70939 | Zig:13   | Identified the ring of Ystruab {rF+ EV+5} (You found it on
                  | level 13 of a ziggurat)
 70945 | Zig:13   | Identified the Catalogue of Mutagenic Calling
 70955 | Zig:14   | Entered Level 14 of a ziggurat
 71024 | Zig:14   | Found the +5 robe of Misfortune {*Contam Harm *Corrode
                  | *Drain *Slow EV+5}
 71040 | Zig:14   | Identified the Grimoire of Changing and Ignition
 71069 | Zig:15   | Entered Level 15 of a ziggurat
 71098 | Zig:15   | Found the +8 mithril axe "Arga" {speed, MR+}
 71123 | Zig:15   | Identified the cursed +0 pair of boots of Raet {SInv} (You
                  | found it on level 15 of a ziggurat)
 71132 | Zig:15   | Identified the Papyrus of Ensnaring Orientation
 71150 | Zig:16   | Entered Level 16 of a ziggurat
 71172 | Zig:16   | Found the +9 heavy crossbow "Sniper" {vorpal, Acc+∞ SInv}
 71189 | Zig:16   | Identified the Catalogue of Toxic Companions
 71213 | Zig:16   | Identified the +3 leather armour "Lobarott" {rN+ Dex+4}
                  | (You found it on level 16 of a ziggurat)
 71215 | Zig:16   | Identified the +0 buckler of the Spider Nest {*Contam +Fly
                  | rPois Str+5} (You found it on level 16 of a ziggurat)
 71230 | Zig:16   | Got a glittering lead ring
 71231 | Zig:16   | Identified the ring of Fayzyhir {rF- MP+9 Dex+4 SInv} (You
                  | found it on level 16 of a ziggurat)
 71245 | Zig:17   | Entered Level 17 of a ziggurat
 71367 | Zig:17   | Identified the Grimoire of the Warped Snowflakes
 71396 | Zig:17   | Identified Sif Muna's Collected Works on Lucky Air
 71403 | Zig:18   | Entered Level 18 of a ziggurat
 71433 | Zig:18   | Found the +4 moon troll leather armour {Spirit, Regen++
                  | MP+5}
 71703 | Zig:19   | Entered Level 19 of a ziggurat
 71727 | Zig:19   | Reached skill level 15 in Ice Magic
 71735 | Zig:19   | Found the +8 frozen axe "Frostbite" {freezing cloud, *Noise
                  | +Fly rC+}
 71738 | Zig:19   | Found the ring of Phasing {EV+8}
 71816 | Zig:19   | Identified the +6 flail of Destiny {venom, rF+} (You found
                  | it on level 19 of a ziggurat)
 71818 | Zig:19   | Identified the ring of Eternal Harmony {*Contam rPois
                  | Str+3} (You found it on level 19 of a ziggurat)
 71854 | Zig:20   | Entered Level 20 of a ziggurat
 71875 | Zig:20   | Noticed a juggernaut
 71875 | Zig:20   | Noticed a juggernaut
 71876 | Zig:20   | Noticed a juggernaut
 71876 | Zig:20   | Noticed a juggernaut
 71880 | Zig:20   | Killed a juggernaut
 71880 | Zig:20   | Killed a juggernaut
 71880 | Zig:20   | Killed a juggernaut
 71880 | Zig:20   | Killed a juggernaut
 72034 | Zig:20   | Identified the Handbook of the Flamy Entourage
 72040 | Zig:20   | Identified the Reference Book on Damaging Ice
 72045 | Zig:20   | Identified the ring of Heresy {rPois MR+} (You found it on
                  | level 20 of a ziggurat)
 72062 | Zig:21   | Entered Level 21 of a ziggurat
 72199 | Zig:21   | Gained mutation: You have an increased reservoir of magic.
                  | (+10% MP) [evolution]
 72218 | Zig:21   | Got a bound tin ring
 72220 | Zig:21   | Identified the ring "Odyzecs" {+Fly rF+ rC+ rN+ SInv} (You
                  | found it on level 21 of a ziggurat)
 72245 | Zig:21   | Got a pair of spiked boots
 72256 | Zig:21   | Identified the +2 pair of boots of Esaips {Stlth+} (You
                  | found it on level 21 of a ziggurat)
 72276 | Zig:21   | Got a smoking brass ring
 72278 | Zig:21   | Identified the ring "Pawkic" {+Blink AC+3 Int+2 Stlth-}
                  | (You found it on level 21 of a ziggurat)
 72284 | Zig:21   | Got a flickering copper amulet
 72289 | Zig:22   | Entered Level 22 of a ziggurat
 72341 | Zig:22   | Found the +4 robe of Augmentation {Str+4 Int+4 Dex+4}
 72342 | Zig:22   | Found the +10 Black Knight's horse barding {ponderous,
                  | rPois rN+}
 72400 | Zig:22   | Identified Cacestra's Collected Works on Air and Talismans
 72409 | Zig:22   | Identified the amulet of Freedom {Gourm *Contam rF+ rC+++
                  | MR+} (You found it on level 21 of a ziggurat)
 72418 | Zig:23   | Entered Level 23 of a ziggurat
 72428 | Zig:23   | Noticed Lyoc Puc the pandemonium lord
 72429 | Zig:23   | Noticed Xuiric the pandemonium lord
 72433 | Zig:23   | Noticed Doqo the pandemonium lord
 72436 | Zig:23   | Noticed Hocometu the pandemonium lord
 72437 | Zig:23   | Noticed Juuc the pandemonium lord
 72437 | Zig:23   | Noticed Jeucwud the pandemonium lord
 72437 | Zig:23   | Noticed Ano Zaan the pandemonium lord
 72437 | Zig:23   | Noticed Awyexuni the pandemonium lord
 72437 | Zig:23   | Noticed Worphad the pandemonium lord
 72437 | Zig:23   | Noticed Seposchug the pandemonium lord
 72437 | Zig:23   | Noticed Ryimiug the pandemonium lord
 72437 | Zig:23   | Noticed Itwegg the pandemonium lord
 72437 | Zig:23   | Noticed Wirphu Muyc the pandemonium lord
 72437 | Zig:23   | Noticed Iskaismo the pandemonium lord
 72438 | Zig:23   | Noticed Dyovyxit the pandemonium lord
 72438 | Zig:23   | Noticed Mamyugaa the pandemonium lord
 72439 | Zig:23   | Noticed Odif the pandemonium lord
 72439 | Zig:23   | Killed Jeucwud the pandemonium lord
 72439 | Zig:23   | Noticed Sewi Jeu the pandemonium lord
 72440 | Zig:23   | Killed Ano Zaan the pandemonium lord
 72440 | Zig:23   | Killed Itwegg the pandemonium lord
 72440 | Zig:23   | Killed Juuc the pandemonium lord
 72441 | Zig:23   | Killed Seposchug the pandemonium lord
 72441 | Zig:23   | Killed Iskaismo the pandemonium lord
 72442 | Zig:23   | Killed Hocometu the pandemonium lord
 72444 | Zig:23   | Killed Awyexuni the pandemonium lord
 72444 | Zig:23   | Killed Doqo the pandemonium lord
 72444 | Zig:23   | Killed Dyovyxit the pandemonium lord
 72448 | Zig:23   | Killed Lyoc Puc the pandemonium lord
 72448 | Zig:23   | Killed Xuiric the pandemonium lord
 72448 | Zig:23   | Killed Odif the pandemonium lord
 72449 | Zig:23   | Killed Ryimiug the pandemonium lord
 72450 | Zig:23   | Killed Wirphu Muyc the pandemonium lord
 72450 | Zig:23   | Killed Mamyugaa the pandemonium lord
 72456 | Zig:23   | Killed Worphad the pandemonium lord
 72458 | Zig:23   | Killed Sewi Jeu the pandemonium lord
 72606 | Zig:23   | Found the +8 lance "Wyrmbane" {slay drac, rPois rF+ rC+
                  | AC+3}
 72617 | Zig:23   | Identified Sif Muna's Papyrus of Confrontation and Toxins
 72630 | Zig:23   | Got a scintillating pewter amulet
 72631 | Zig:23   | Identified the amulet of the Fool {Gourm SInv} (You found
                  | it on level 23 of a ziggurat)
 72650 | Zig:23   | Identified the ring "Xikaal" {*Slow rPois rN+ MR+ Stlth-}
                  | (You found it on level 23 of a ziggurat)
 72657 | Zig:24   | Entered Level 24 of a ziggurat
 72802 | Zig:24   | Identified the ring "Siukuwup" {+Fly Str+5 Int-5} (You
                  | found it on level 24 of a ziggurat)
 72856 | Zig:25   | Entered Level 25 of a ziggurat
 73061 | Zig:25   | Found the +5 demon whip "Spellbinder" {antimagic, MR+}
 73086 | Zig:25   | Got a coiled bone ring
 73117 | Zig:25   | Identified the ring "Dehos" {rF+ rCorr} (You found it on
                  | level 25 of a ziggurat)
 73123 | Zig:25   | Got a twitching copper amulet
 73137 | Zig:26   | Entered Level 26 of a ziggurat
 73217 | Zig:26   | Identified the Incunabulum of Harmful Contamination
 73225 | Zig:26   | Got a fine lapis lazuli ring
 73258 | Zig:27   | Entered Level 27 of a ziggurat
 73270 | Zig:27   | Noticed Toocoa Cubby the pandemonium lord
 73272 | Zig:27   | Noticed Aczirch the pandemonium lord
 73273 | Zig:27   | Noticed Asumayhe the pandemonium lord
 73274 | Zig:27   | Noticed Diudwedu the pandemonium lord
 73274 | Zig:27   | Noticed Kohicu the pandemonium lord
 73274 | Zig:27   | Noticed Bodeang the pandemonium lord
 73274 | Zig:27   | Noticed Woujicwe the pandemonium lord
 73274 | Zig:27   | Noticed Qiledesm the pandemonium lord
 73274 | Zig:27   | Noticed Zoloho Nuupn the pandemonium lord
 73275 | Zig:27   | Noticed Heujeiwa the pandemonium lord
 73275 | Zig:27   | Noticed Yfeof the pandemonium lord
 73275 | Zig:27   | Noticed Hiahov the pandemonium lord
 73276 | Zig:27   | Noticed Qaoghaeg the pandemonium lord
 73277 | Zig:27   | Noticed Wepe the pandemonium lord
 73278 | Zig:27   | Noticed Lupt the pandemonium lord
 73278 | Zig:27   | Reached skill level 10 in Armour
 73278 | Zig:27   | Killed Qiledesm the pandemonium lord
 73278 | Zig:27   | Noticed Dalem the pandemonium lord
 73278 | Zig:27   | Noticed Moameo the pandemonium lord
 73278 | Zig:27   | Noticed Mokhe the pandemonium lord
 73279 | Zig:27   | Noticed Ocwetoyp the pandemonium lord
 73279 | Zig:27   | Noticed Tokiduiz the pandemonium lord
 73280 | Zig:27   | Killed Asumayhe the pandemonium lord
 73280 | Zig:27   | Killed Bodeang the pandemonium lord
 73280 | Zig:27   | Noticed Eqybbinu the pandemonium lord
 73280 | Zig:27   | Noticed Nauff the pandemonium lord
 73280 | Zig:27   | Noticed Tirruxt the pandemonium lord
 73281 | Zig:27   | Killed Aczirch the pandemonium lord
 73282 | Zig:27   | Noticed Ysueliog the pandemonium lord
 73282 | Zig:27   | Killed Qaoghaeg the pandemonium lord
 73302 | Zig:27   | Killed Zoloho Nuupn the pandemonium lord
 73302 | Zig:27   | Killed Woujicwe the pandemonium lord
 73303 | Zig:27   | Killed Wepe the pandemonium lord
 73303 | Zig:27   | Reached skill level 10 in Evocations
 73305 | Zig:27   | Killed Dalem the pandemonium lord
 73305 | Zig:27   | Killed Mokhe the pandemonium lord
 73307 | Zig:27   | Paralysed by Tirruxt for 2 turns
 73309 | Zig:27   | Killed Toocoa Cubby the pandemonium lord
 73322 | Zig:27   | Gained mutation: Potions are less effective at restoring
                  | your health. [mutagenic glow]
 73345 | Zig:27   | Killed Yfeof the pandemonium lord
 73363 | Zig:27   | Killed Ysueliog the pandemonium lord
 73380 | Zig:27   | Killed Ocwetoyp the pandemonium lord
 73403 | Zig:27   | Killed Heujeiwa the pandemonium lord
 73415 | Zig:27   | Slain by Lupt the pandemonium lord

Levels and vault maps discovered:
D:1:      minmay_arrival_three_doors, layout_basic, minmay_3d_cube
D:2:      layout_basic
D:3:      layout_loops_cross, old_standard_altar, minmay_misc_feat_rows,
          serial_bayou_ford_a, palyth_stone_intersect
D:4:      layout_loops_ring, nicolae_overflow_hidden_temple,
          overflow_temple_1_default, first_ration
D:5:      minmay_razor_zed, layout_basic, lemuel_crystal_altar,
          minmay_temple_entry_from_below_b, uniq_blork_the_orc
D:6:      layout_rooms, lemuel_round_altar, basic_altar
D:7:      layout_basic, uniq_duvessa
D:8:      layout_loops_ring, serial_shops, shop_coins, bh_walls_and_bars
D:9:      layout_basic, bloody_trog, nicolae_overflow_crystal_walls,
          hangedman_pestilent_swarm, tso_metal_star, uniq_grum, uniq_joseph
D:10:     layout_gridville, david_lair_shrubbed, hangedman_minor_magic,
          uniq_fannar, uniq_psyche
D:11:     layout_gridville, kennysheep_orc_monster_closet_entryway
D:12:     layout_irregular_city, minivault_16, corexii_hall_statues_deadend
D:13:     layout_basic, david_vaults_1, enter_bailey_1, serial_shops, shop
D:14:     layout_loops_ring, serial_park_avenue1, grunt_potential, uniq_agnes,
          uniq_kirke
D:15:     grunt_enter_depths_magical_seal, layout_irregular_city,
          minmay_misc_feat_encased, gammafunk_ghost_grave,
          brannock_xom_greatest_gift
Temple:   regret_index_temple_waves
Lair:1:   layout_small_grid, uniq_harold
Lair:2:   layout_cave_pods, minmay_swamp_entry_worms,
          nicolae_spider_entry_orb_guardian, gauntlet_entry_generic,
          st_stairs_11, lemuel_fruit_tree, serial_bayou_shore_a,
          serial_bayou_shore_b, grunt_megastairs_3
Lair:3:   layout_misc_corridors
Lair:4:   layout_hall_layers, minmay_hedge_maze, small_statue_intersection,
          minmay_lair_oklob_chamber
Lair:5:   layout_hall_layers
Lair:6:   gammafunk_lair_ancient_temple, layout_cave_shapes,
          dpeg_slime_entry_corner, bobbens_ice_dragon_lair, uniq_urug,
          uniq_snorg
Swamp:1:  layout_basic_swamp, hangedman_swamp_ruin_wall, uniq_aizul
Swamp:2:  layout_basic_swamp, infiniplex_staircase_pool_2
Swamp:3:  layout_basic_swamp, evilmike_swamp_ruin_rubble_1, uniq_bai_suzhen
Swamp:4:  grunt_swamp_rune_castle, layout_basic_swamp
Spider:1: layout_spider_delve, nicolae_spider_webbed_stairs
Spider:2: layout_spider_delve, drop_trap, hive_lemuel
Spider:3: layout_spider_delve
Spider:4: johnstein_spider_rune_arachne_lair, ebering_ghost_inner_flame
Slime:1:  layout_caves, cheibrodos_slime_lost_civilization_6
Slime:2:  layout_caves
Slime:3:  layout_caves
Slime:4:  layout_caves
Slime:5
Orc:1:    layout_diamond_mine
Orc:2:    st_orc_pillars, layout_diamond_mine, serial_shops, shop, uniq_donald,
          uniq_azrael
Elf:1:    layout_rooms, minmay_elf_demonology, grunt_megastairs_2, uniq_jorgrun
Elf:2:    layout_geoelf_octagon, serial_shops, shop, grunt_ministairs_2,
          lemuel_elevator, uniq_louise
Elf:3:    grunt_elf_hall_spiral, layout_loops_corners, serial_shops,
          shop_statue, solitary_fountain, serial_sigils_hangedman_quiver
Vaults:1: gammafunk_vaults_ghost_grave, dpeg_vaults_monster_box,
          grunt_vaults_swirl, hangedman_vaults_pinch,
          nicolae_vaults_shelves_hall, nicolae_vaults_big_ls,
          vaults_room_hallway, v_misc_12, nicolae_vaults_little_squares_5,
          v_misc_2, layout_vaults_omnigrid
Vaults:2: ebering_vaults_ghost_inner_flame, vaults_standard_mumra_lines,
          nicolae_vaults_what_the_h, v_misc_9, nicolae_vaults_twisting_passages,
          vaults_dpeg_hooks, st_cross, nicolae_vaults_mini_display_case,
          hangedman_vaults_restitches, layout_vaults_big_room, serial_shops,
          nicolae_shop_statue_plus
Vaults:3: ontoclasm_vaults_hangar, ontoclasm_vaults_misaligned,
          minmay_crypt_entry_simple_statues, hangedman_vaults_locks,
          hangedman_vaults_stretched_pinwheel, nicolae_vaults_triangles,
          nicolae_vaults_meeting, nicolae_vaults_puzzle_piece,
          grunt_vaults_hallway_short, ontoclasm_vaults_eye,
          hangedman_vaults_stitches, vaults_dpeg_encased_lava,
          vaults_mumra_hexcomb, vaults_dpeg_ring, layout_vaults_omnicross
Vaults:4: hangedman_vaults_trim, ontoclasm_vaults_misaligned,
          nicolae_vaults_rhombus_5, v_rooms_2, v_rooms_6,
          nicolae_vaults_big_angled_halls, grunt_vaults_hallway_long,
          nicolae_vaults_border_crossing, vaults_dpeg_diagonal,
          hangedman_vaults_nails, vaults_dpeg_cross, grunt_vaults_diagonal,
          grunt_vaults_hallway_long, hangedman_vaults_capsules,
          layout_vaults_ring, uniq_jory
Vaults:5: serial_shops
Crypt:1:  layout_chaotic_city, grunt_crypt_arrival_guarded_gate
Crypt:2:  layout_rooms
Crypt:3:  quadcrypt_mu, uniq_xtahua, uniq_mennas
Depths:1: layout_forbidden_donut, pf_hell_entry_great_geh, abyss_entry_crystal,
          minmay_misc_feat_enclosed, nicolae_wwwww, nrook_mini_backslash,
          grunt_ministairs_9, chequers_jeans
Depths:2: minmay_the_grid_octo_triangle [minmay_the_grid_octo_odd_swirl,
          minmay_the_grid_octo_prize_ultimate_mussel_roller,
          minmay_the_grid_octo_77], layout_gridlike, rand_demon_pan_entry_4,
          basic_altar, enter_trove_3, grunt_hell_entry_dis_grunt,
          eino_tiny_chamber, abandoned_shop, infiniplex_staircase_zigzag_2,
          uniq_nikola
Depths:3: lightli_eight_chambers, layout_gridlike, pan_entry, hell_entry,
          chequers_serial_rivers_micro_a, minmay_holes,
          kennysheep_generic_room_16
Depths:4: kennysheep_big_flooded_room, layout_small_grid,
          chequers_serial_rivers_large_a, serial_shops, kennysheep_little_box,
          abyss_entry_flame_altar, grunt_hell_entry_demonic_statue,
          minivault_22, minivault_16, grunt_ministairs_6
Depths:5: grunt_bruiser_brothers, layout_gridlike, enter_ziggurat_d, hell_entry,
          grunt_pan_entry_spiral, minivault_11, serial_shops,
          nicolae_shop_overgrown_old_shop
Zig:27:   ziggurat_pillar_d, ziggurat_pillar_d, ziggurat_pillar_d,
          ziggurat_pillar_d

Skill      XL: |  1  2  3  4  5  6  7  8  9 10 11 12 13 14 15 16 17 18 19 20 21 22 23 24 25 26 27 |
---------------+----------------------------------------------------------------------------------+-----
Earth Magic    | 4 5 6 7 8 9 10 11 12 13 14 15 16 17 18 19 21 22 | 22.0
Spellcasting   | 3 4 5 6 7 8 9 10 11 12 13 14 15 16 22 | 22.7
Conjurations   | 1 2 3 5 6 7 8 9 10 11 12 13 14 15 16 17 18 19 25 | 25.5
Fighting       | 2 4 5 7 8 9 10 11 12 13 14 15 17 18 25 | 25.0
Maces & Flails | 2 4 5 6 7 9 10 11 12 13 14 | 14.4
Armour         | 2 4 5 6 10 | 10.0
Dodging        | 2 3 4 5 6 7 8 9 11 12 13 14 15 | 15.0
Evocations     | 1 3 4 6 10 | 10.0
Fire Magic     | 7 13 16 17 19 20 21 22 | 22.0
Ice Magic      | 20 | 20.5
Stealth        | |  2.1
Transmutations | |  0.7

Action                   |  1- 3 |  4- 6 |  7- 9 | 10-12 | 13-15 | 16-18 | 19-21 | 22-24 | 25-27 || total
-------------------------+-------+-------+-------+-------+-------+-------+-------+-------+-------++-------
Melee: Unarmed           |    29 |       |       |       |       |       |       |       |       ||    29
       Dagger            |    53 |   152 |   203 |       |       |       |       |       |       ||   408
       Short sword       |     1 |       |       |       |       |       |       |       |       ||     1
       Whip              |       |       |    46 |   329 |   193 |       |       |       |       ||   568
       Dire flail        |       |       |       |       |   577 |   821 |   697 |   508 |       ||  2603
       Mace              |       |       |       |       |     8 |       |       |       |       ||     8
       Bite              |       |       |       |       |       |    44 |    66 |   103 |   140 ||   353
       Flail             |       |       |       |       |       |       |       |   385 |   843 ||  1228
       Lance             |       |       |       |       |       |       |       |       |    35 ||    35
Throw: Throwing net      |       |       |       |       |       |       |       |     1 |       ||     1
 Cast: Sandblast         |    11 |    32 |    82 |   219 |   221 |    10 |    13 |       |       ||   588
       Stone Arrow       |       |     2 |     8 |    62 |   131 |     9 |       |     3 |     2 ||   217
       Lee's Rapid Decon |       |       |     9 |    33 |    56 |   105 |    21 |    51 |    39 ||   314
       Irradiate         |       |       |       |     5 |    23 |    10 |     3 |     1 |     1 ||    43
       Starburst         |       |       |       |       |     3 |    24 |     2 |     2 |       ||    31
       Iron Shot         |       |       |       |       |       |    71 |    85 |   169 |   147 ||   472
       Fireball          |       |       |       |       |       |    28 |     6 |     2 |       ||    36
       Bolt of Magma     |       |       |       |       |       |     2 |       |       |       ||     2
       Ignition          |       |       |       |       |       |       |    77 |    79 |   116 ||   272
       Shatter           |       |       |       |       |       |       |       |     4 |   104 ||   108
       Fire Storm        |       |       |       |       |       |       |       |       |    52 ||    52
       Glaciate          |       |       |       |       |       |       |       |       |    18 ||    18
 Abil: Fly               |       |       |       |       |     2 |       |       |     2 |       ||     4
       Evoke Invisibilit |       |       |       |       |       |     4 |     1 |     1 |     2 ||     8
       Stop Flying       |       |       |       |       |       |       |       |     2 |     1 ||     3
Evoke: Wand              |       |       |       |     3 |    55 |    15 |     9 |     9 |    18 ||   109
       Fan of gales      |       |       |       |       |     1 |       |       |       |     1 ||     2
       Tremorstone       |       |       |       |       |       |       |       |     1 |       ||     1
       Phial of floods   |       |       |       |       |       |       |       |       |     1 ||     1
       Phantom mirror    |       |       |       |       |       |       |       |       |     1 ||     1
  Use: Scroll            |       |    11 |     5 |    10 |    16 |    13 |    11 |    12 |    62 ||   140
       Potion            |       |       |     1 |     3 |    27 |     8 |     8 |     8 |    45 ||   100
 Stab: Sleeping          |     7 |     4 |     4 |     2 |     6 |     3 |     4 |     1 |     4 ||    35
       Distracted        |       |       |     1 |       |       |       |     1 |       |     1 ||     3
       Invisible         |       |       |       |       |       |     8 |       |       |     6 ||    14
  Eat: Chunk             |     2 |     8 |    12 |    24 |    44 |    50 |    45 |    78 |    68 ||   331
       Ration            |       |       |     1 |     2 |     5 |    14 |    18 |    15 |    26 ||    81
Armor: Robe              |    19 |    54 |   106 |   196 |   521 |   661 |   549 |   561 |   555 ||  3222
       Troll leather arm |       |       |       |       |       |       |       |       |   178 ||   178
Dodge: Dodged            |    59 |    87 |   167 |   316 |   715 |   747 |   742 |   736 |  1307 ||  4876

Table legend:
 A = Non-vault XP
 B = Vault XP
 C = Vault XP percentage of total XP
 D = Non-vault monster count
 E = Vault monster count
 F = Vault count percentage of total count
                 A         B        C        D         E       F
            +---------+---------+-------+---------+---------+-------
      Total | 1825114 |  668825 |  26.8 |    2394 |     843 |  26.0
            +---------+---------+-------+---------+---------+-------
        D:1 |      43 |       0 |   0.0 |      27 |       0 |   0.0
        D:2 |      54 |       0 |   0.0 |      14 |       0 |   0.0
        D:3 |      91 |       0 |   0.0 |      19 |       0 |   0.0
        D:4 |     581 |       0 |   0.0 |      17 |       0 |   0.0
        D:5 |     122 |     442 |  78.4 |       4 |       8 |  66.7
        D:6 |     127 |       0 |   0.0 |       6 |       0 |   0.0
        D:7 |    1239 |     232 |  15.8 |      18 |       2 |  10.0
        D:8 |    1032 |       0 |   0.0 |      24 |       0 |   0.0
        D:9 |    1622 |    1324 |  44.9 |      34 |       9 |  20.9
       D:10 |    1658 |    3436 |  67.5 |      19 |      19 |  50.0
       D:11 |    1415 |    1539 |  52.1 |      21 |      20 |  48.8
       D:12 |    9973 |     625 |   5.9 |      43 |       1 |   2.3
       D:13 |    7271 |    1765 |  19.5 |      29 |       4 |  12.1
       D:14 |    7359 |    8132 |  52.5 |      23 |      20 |  46.5
       D:15 |   19836 |    5378 |  21.3 |      43 |      11 |  20.4
     Lair:1 |    2469 |    1018 |  29.2 |       8 |       1 |  11.1
     Lair:2 |    5468 |    1144 |  17.3 |      20 |       4 |  16.7
     Lair:3 |    5480 |       0 |   0.0 |      15 |       0 |   0.0
     Lair:4 |    4958 |    2860 |  36.6 |      17 |       7 |  29.2
     Lair:5 |    4138 |       0 |   0.0 |      14 |       0 |   0.0
     Lair:6 |    8247 |   11643 |  58.5 |      38 |      31 |  44.9
    Swamp:1 |   15491 |    1845 |  10.6 |      31 |       1 |   3.1
    Swamp:2 |   15439 |       0 |   0.0 |      26 |       0 |   0.0
    Swamp:3 |   12191 |    5153 |  29.7 |      28 |       1 |   3.4
    Swamp:4 |   14355 |   22236 |  60.8 |      39 |      33 |  45.8
   Spider:1 |    3811 |       0 |   0.0 |       9 |       0 |   0.0
   Spider:2 |    9450 |     899 |   8.7 |      28 |      14 |  33.3
   Spider:3 |   17616 |       0 |   0.0 |      61 |       0 |   0.0
   Spider:4 |   13550 |   37543 |  73.5 |      36 |      53 |  59.6
    Slime:1 |    8823 |       0 |   0.0 |       9 |       0 |   0.0
    Slime:2 |   16168 |       0 |   0.0 |      32 |       0 |   0.0
    Slime:3 |    3922 |       0 |   0.0 |       7 |       0 |   0.0
    Slime:4 |   19163 |       0 |   0.0 |      38 |       0 |   0.0
    Slime:5 |   18393 |   31601 |  63.2 |      30 |      14 |  31.8
      Orc:1 |    3285 |       0 |   0.0 |      28 |       0 |   0.0
      Orc:2 |    2538 |   13879 |  84.5 |      36 |      71 |  66.4
      Elf:1 |   11064 |   11056 |  50.0 |      20 |      16 |  44.4
      Elf:2 |   23439 |   17590 |  42.9 |      41 |      17 |  29.3
      Elf:3 |   24001 |   32988 |  57.9 |      39 |      22 |  36.1
   Vaults:1 |   24111 |   16194 |  40.2 |      57 |      30 |  34.5
   Vaults:2 |   40446 |   21384 |  34.6 |      63 |      40 |  38.8
   Vaults:3 |   14927 |   31474 |  67.8 |      20 |      34 |  63.0
   Vaults:4 |   15545 |   48635 |  75.8 |      22 |      50 |  69.4
   Vaults:5 |   38184 |  112225 |  74.6 |      49 |      80 |  62.0
    Crypt:1 |   29813 |       0 |   0.0 |      49 |       0 |   0.0
    Crypt:2 |   20573 |       0 |   0.0 |      34 |       0 |   0.0
    Crypt:3 |       0 |   89265 | 100.0 |       0 |      83 | 100.0
   Depths:1 |   35441 |    2106 |   5.6 |      42 |       2 |   4.5
   Depths:2 |   35584 |   28180 |  44.2 |      46 |      19 |  29.2
   Depths:3 |   38282 |   51079 |  57.2 |      46 |      45 |  49.5
   Depths:4 |   17851 |   12862 |  41.9 |      21 |      26 |  55.3
   Depths:5 |   52689 |   22275 |  29.7 |      59 |      17 |  22.4
    Abyss:5 |   12631 |    3592 |  22.1 |      18 |       4 |  18.2
      Zig:1 |    2340 |       0 |   0.0 |       1 |       0 |   0.0
      Zig:2 |    1919 |       0 |   0.0 |       3 |       0 |   0.0
      Zig:3 |    3618 |       0 |   0.0 |       4 |       0 |   0.0
      Zig:4 |    7604 |    2184 |  22.3 |       5 |       4 |  44.4
      Zig:5 |    5763 |       0 |   0.0 |       8 |       0 |   0.0
      Zig:6 |   15841 |    2241 |  12.4 |       5 |       4 |  44.4
      Zig:7 |    9566 |       0 |   0.0 |       9 |       0 |   0.0
      Zig:8 |   10487 |       0 |   0.0 |      12 |       0 |   0.0
      Zig:9 |   11263 |       0 |   0.0 |      16 |       0 |   0.0
     Zig:10 |   16800 |       0 |   0.0 |      15 |       0 |   0.0
     Zig:11 |   19209 |       0 |   0.0 |      24 |       0 |   0.0
     Zig:12 |   51250 |       0 |   0.0 |      15 |       0 |   0.0
     Zig:13 |   21973 |       0 |   0.0 |      30 |       0 |   0.0
     Zig:14 |   40839 |       0 |   0.0 |      24 |       0 |   0.0
     Zig:15 |   29587 |       0 |   0.0 |      29 |       0 |   0.0
     Zig:16 |   32921 |       0 |   0.0 |      44 |       0 |   0.0
     Zig:17 |   36521 |       0 |   0.0 |      42 |       0 |   0.0
     Zig:18 |   44858 |       0 |   0.0 |      48 |       0 |   0.0
     Zig:19 |   45095 |    4222 |   8.6 |      46 |       4 |   8.0
     Zig:20 |   63825 |       0 |   0.0 |      56 |       0 |   0.0
     Zig:21 |   47260 |       0 |   0.0 |      65 |       0 |   0.0
     Zig:22 |   56188 |       0 |   0.0 |      65 |       0 |   0.0
     Zig:23 |  165016 |       0 |   0.0 |      42 |       0 |   0.0
     Zig:24 |   52564 |       0 |   0.0 |      78 |       0 |   0.0
     Zig:25 |   85966 |    3796 |   4.2 |      80 |       4 |   4.8
     Zig:26 |   73756 |       0 |   0.0 |      72 |       0 |   0.0
     Zig:27 |  181126 |       0 |   0.0 |      39 |       0 |   0.0
     Bailey |       0 |     558 | 100.0 |       0 |      13 | 100.0
   Gauntlet |       0 |    2225 | 100.0 |       0 |       5 | 100.0
            +---------+---------+-------+---------+---------+-------
